 Dungeon Crawl Stone Soup version 0.19.5 (webtiles) character file.

149 tognito the Chopper (level 5, 0/48 HPs)
             Began as a Minotaur Berserker on Mar 28, 2017.
             Was a Believer of Trog.
             Slain by an orc warrior
             ... wielding a +0 halberd
              (6 damage)
             ... on level 3 of the Dungeon.
             The game lasted 00:04:23 (2165 turns).

tognito the Chopper (Minotaur Berserker)            Turns: 2165, Time: 00:04:25

Health: 0/48       AC:  9    Str: 23      XL:     5   Next: 9%
Magic:  4/4        EV:  9    Int:  3 (4)  God:    Trog [**....]
Gold:   98         SH:  0    Dex:  9      Spells: 0 memorised, 4 levels left

rFire  . . .     SeeInvis .     a - +0 war axe
rCold  . . .     Gourm    .     h - +0 chain mail
rNeg   . . .     Faith    .     (no shield)
rPois  .         Spirit   .     (helmet restricted)
rElec  .         Reflect  .     (no cloak)
rCorr  .         Harm     .     (no gloves)
MR     .....                    (no boots)
Stlth  ..........               (no amulet)
                                (no ring)
                                b - ring of stealth

@: no status effects
A: retaliatory headbutt, horns 2
a: Berserk, Trog's Hand, Burn Spellbooks, Renounce Religion


You were on level 3 of the Dungeon.
You worshipped Trog.
Trog was pleased with you.
You were near starving.

You visited 1 branch of the dungeon, and saw 3 of its levels.

You collected 98 gold pieces.

Inventory:

Hand Weapons
 a - a +0 war axe (weapon)
Missiles
 l - 6 arrows
Armour
 h - a +0 chain mail (worn)
Jewellery
 b - a ring of stealth (left hand)
Scrolls
 d - 3 scrolls of identify {unknown}
 e - a scroll of immolation {unknown}
 f - a scroll of blinking {unknown}
 g - a scroll of remove curse {unknown}
 j - a scroll of teleportation {unknown}
 k - a scroll of fog {unknown}
 m - a scroll of recharging {unknown}
Potions
 i - a potion of lignification {unknown}
Comestibles
 c - 3 bread rations


   Skills:
 * Level 5.0 Fighting
 * Level 5.0 Axes
 + Level 3.6 Armour
 + Level 2.8 Dodging


You had 4 spell levels left.
You didn't know any spells.

Dungeon Overview and Level Annotations

Branches:
Dungeon (3/15)

Altars:


Innate Abilities, Weirdness & Mutations

You reflexively headbutt those who attack you in melee.
You have a pair of horns on your head.


Message History

Things that are here:
a leather armour; an orc corpse The orc warrior barely misses you.
Items here: ( )) [ † a hand axe; a dagger; a leather armour; a poisoned tomahawk; an orc corpse A frilled lizard comes into view.
The frilled lizard hisses angrily.
The orc warrior hits you with a halberd.
Your chain mail prevents you from hitting the orc warrior.
Your headbutt misses the orc warrior.
The orc warrior hits you with a halberd!
You closely miss the orc warrior.
You headbutt the orc warrior, but do no damage.
The orc warrior hits you with a halberd!
* * * LOW HITPOINT WARNING * * *
You closely miss the orc warrior. You barely miss the frilled lizard.
The frilled lizard bites you.
* * * LOW HITPOINT WARNING * * *
The orc warrior hits you with a halberd.
You die...

.. #.#.###### #.
#.#.#..... #.##
#.#.#.#### #... #.#.#.#
#..# #.#.#.### ####..#
#.#.#.#<#
###....o#######.#.#.#.##
.%.....@l.............>#
###(###)####.##.#.###.##
##.## #.##.#.# #.# #)[)#
#.##.#.# #.# #...#
#.##.#.# #.##
#....##.##.#.# #.#.
#....##.##.#.. ..#.
#....##.##.### ####
####..#.....


You could see an orc warrior and a frilled lizard.

Vanquished Creatures
  2 orc priests (D:3)
  An adder (D:2)
  A worm (D:2)
  2 dart slugs
  2 leopard geckos (D:2)
  8 orcs (D:3)
  A giant cockroach (D:1)
  7 goblins
  3 hobgoblins
  6 jackals (D:1)
  5 kobolds
  A quokka (D:2)
  2 ball pythons (D:2)
  11 bats
  3 frilled lizards
  5 rats
60 creatures vanquished.

Notes
Turn   | Place    | Note
-------+----------+-------------------------------------------
     0 | D:1      | tognito the Minotaur Berserker began the quest for the Orb.
     0 | D:1      | Reached XP level 1. HP: 19/19 MP: 0/0
    74 | D:1      | Reached XP level 2. HP: 27/27 MP: 1/1
   535 | D:2      | Reached XP level 3. HP: 13/33 MP: 2/2
   729 | D:2      | Reached ** piety under Trog
  1494 | D:2      | Reached XP level 4. HP: 41/41 MP: 3/3
  2150 | D:3      | Reached skill level 5 in Axes
  2150 | D:3      | Reached XP level 5. HP: 43/47 MP: 4/4
  2153 | D:3      | Reached skill level 5 in Fighting
  2158 | D:3      | Noticed an orc warrior
  2165 | D:3      | Slain by an orc warrior

Skill      XL: |  1  2  3  4  5 |
---------------+----------------+-----
Fighting       | 4 5 |  5.0
Axes           | 4 5 |  5.0
Armour         | 3 |  3.6
Dodging        | |  2.8

Action                   |  1- 3 |  4- 6 || total
-------------------------+-------+-------++-------
Melee: Hand axe          |    96 |    22 ||   118
       Headbutt          |     9 |     4 ||    13
       War axe           |       |    11 ||    11
Invok: Berserk           |       |     1 ||     1
  Use: Potion            |     2 |       ||     2
 Stab: Sleeping          |     3 |       ||     3
  Eat: Chunk             |     2 |     1 ||     3
Armor: Leather armour    |    24 |       ||    24
       Chain mail        |    13 |    14 ||    27
Dodge: Dodged            |    88 |    19 ||   107
